[Event "Late-Titled-Tuesday-Blitz-October-24-2023"]
[Site "Chess.com"]
[Date "2023.10.24"]
[Round "2"]
[White "PapaieDudu"]
[Black "NM_NHTT"]
[Result "0-1"]
[WhiteElo "2338"]
[BlackElo "2585"]
[TimeControl "180+1"]
[EndTime "14:16:35 PDT"]
[Termination "NM_NHTT won by resignation"]

1. e4 c5 2. Nf3 g6 3. d4 cxd4 4.
Nxd4 Bg7 5. Nc3 Nc6 6. Be3 Nf6 7.
Bc4 O-O 8. Bb3 a5 9. a3 d6 10.
h3 Bd7 11. O-O Nxd4 12. Bxd4 b5 13. Qd3 Rb8 14. Rad1 a4 15. Ba2 b4 16. axb4 Rxb4 17. e5 Ne8 18. Nd5 Rxd4 19. Qxd4 Bxe5 20. Qh4 Nf6 21.
Ne3 Bxb2 22. Ra1 Bxa1 23. Rxa1 Qc7 24. c4 Rb8 25. g4 Qc5 26. g5 Nh5 27. Nd5 Kf8 28.
Re1 Be6 29. Ne3 Rb2 30. Bb1 a3 31. Qe4 Kg7 32. Qa8 Qxg5+ 33. Ng2 Bxh3 34. f4 0-1

[Event "Late-Titled-Tuesday-Blitz-October-24-2023"]
[Site "Chess.com"]
[Date "2023.10.24"]
[Round "2"]
[White "Hasangatin_Ramil"]
[Black "Inepton_Fermion"]
[Result "1-0"]
[WhiteElo "2699"]
[BlackElo "2360"]
[TimeControl "180+1"]
[EndTime "14:16:39 PDT"]
[Termination "Hasangatin_Ramil won by resignation"]

1. e4 c5 2. Nf3 e6 3. g3 Nc6 4. Bg2 d5 5. exd5 exd5 6. d4 Nf6 7. O-O cxd4 8. Nxd4 Be7 9. c4 Bg4 10. Qa4 Bd7 11. cxd5 Nb4 12. Qb3 a5 13. d6 Bxd6 14. Re1+ Be7 15. Qe3 Nbd5 16. Qe5 Bc6 17. Nf5 g6 18.
Bxd5 1-0

[Event "Late-Titled-Tuesday-Blitz-October-24-2023"]
[Site "Chess.com"]
[Date "2023.10.24"]
[Round "2"]
[White "tteshan"]
[Black "thechessnoob12345"]
[Result "1-0"]
[WhiteElo "2513"]
[BlackElo "2281"]
[TimeControl "180+1"]
[EndTime "14:16:47 PDT"]
[Termination "tteshan won by resignation"]

1. d4 Nf6 2. c4 c5 3. d5 e6 4.
Nc3 exd5 5. cxd5 d6 6. e4 g6 7. f4 Bg7 8. Bb5+ Nfd7 9. a4 O-O 10. Nf3 a6 11. Be2 Re8 12. O-O Qc7 13. Be3 c4 14.
Bd4 Bf8 15. e5 dxe5 16. fxe5 Bc5 17. Bxc5 Qxc5+ 18. Kh1 Nxe5 19. Ne4 Qb6 20. a5 Qd8 21.
Qd4 Nbd7 22. Nxe5 Nxe5 23. Nf6+ Kg7 24. Nxe8+ Qxe8 25. Rae1 f6 26. Bxc4 Bf5 27. d6 Qd7 28.
Rxe5 fxe5 29. Qxe5+ Kh6 30. Rf4 Bg4 31. Rf7 1-0

[Event "Late-Titled-Tuesday-Blitz-October-24-2023"]
[Site "Chess.com"]
[Date "2023.10.24"]
[Round "2"]
[White "Sanyura"]
[Black "shimastream"]
[Result "0-1"]
[WhiteElo "2619"]
[BlackElo "2978"]
[TimeControl "180+1"]
[EndTime "14:16:48 PDT"]
[Termination "shimastream won by resignation"]

1. e4 e5 2. Nf3 Nc6 3. Bb5 a6 4. Ba4 Nf6 5. O-O b5 6. Bb3 Bc5 7. c3 d6 8. d4 Bb6 9. a4 Rb8 10. axb5 axb5 11. Qd3 O-O 12. Bg5 h6 13. Bxf6 Qxf6 14.
Bd5 Ne7 15. Qxb5 c6 16. Bxc6 Bg4 17. dxe5 dxe5 18. Bd7 Bxf2+ 19. Rxf2 Rxb5 20. Bxb5 Bxf3 21. gxf3 Qg5+ 22. Kh1 Qc1+ 23. Kg2 Ng6 0-1

[Event "Late-Titled-Tuesday-Blitz-October-24-2023"]
[Site "Chess.com"]
[Date "2023.10.24"]
[Round "2"]
[White "whiteglovethief"]
[Black "aranibos"]
[Result "1-0"]
[WhiteElo "2512"]
[BlackElo "2276"]
[TimeControl "180+1"]
[EndTime "14:16:50 PDT"]
[Termination "whiteglovethief won on time"]

1. d4 Nf6 2. c4 c5 3. d5 b5 4. cxb5 a6 5. bxa6 g6 6. Nc3 Bxa6 7. e4 Bxf1 8. Kxf1 d6 9. g3 Bg7 10. Kg2 O-O 11. Nf3 Nbd7 12. Bf4 Qb6 13. Rb1 Rfb8 14. Qd2 Ne8 15. h4 Ne5 16. Nxe5 dxe5 17. Bh6 Bh8 18. h5 Nd6 19. hxg6 fxg6 20. b3 Qa6 21. Qg5 Qd3 22. Qxe7 Nf7 23. Rbc1 Re8 24. Qh4 c4 25. Be3 h5 26. Rhd1 Qxd1 27. Nxd1 cxb3 28. axb3 1-0

[Event "Late-Titled-Tuesday-Blitz-October-24-2023"]
[Site "Chess.com"]
[Date "2023.10.24"]
[Round "2"]
[White "LiemLe"]
[Black "IgorBjelobrk"]
[Result "1-0"]
[WhiteElo "2961"]
[BlackElo "2607"]
[TimeControl "180+1"]
[EndTime "14:17:00 PDT"]
[Termination "LiemLe won by resignation"]

1. Nf3 c5 2. c4 Nc6 3. Nc3 g6 4. e3 Bg7 5. d4 d6 6. d5 Na5 7. Bd2 Nf6 8. Bd3 O-O 9. h3 a6 10. a4 Qb6 11. O-O e6 12. Qc2 exd5 13. Nxd5 Nxd5 14.
cxd5 Nb3 15. Ra2 Nxd2 16. Nxd2 Bd7 17. Nc4 Qc7 18. a5 Rae8 19. Nb6 Bb5 20. Rc1 Bxd3 21. Qxd3 f5 22. b4 f4 23. e4 f3 24. bxc5 dxc5 25. d6 Qd8 26. Rxc5 Be5 27. d7 Re6 28. Rc8 Rd6 29. Qb3+ Kg7 30. Rxd8 1-0

[Event "Late-Titled-Tuesday-Blitz-October-24-2023"]
[Site "Chess.com"]
[Date "2023.10.24"]
[Round "2"]
[White "szachmistrz2500"]
[Black "KChor05TTV"]
[Result "0-1"]
[WhiteElo "2417"]
[BlackElo "2674"]
[TimeControl "180+1"]
[EndTime "14:17:00 PDT"]
[Termination "KChor05TTV won by resignation"]

1. Nf3 Nf6 2. g3 g6 3. Bg2 Bg7 4. O-O O-O 5. d3 c5 6. e4 d6 7. c3 Nc6 8. Re1 Bg4 9. Nbd2 Rb8 10. h3 Bxf3 11. Nxf3 e5 12. d4 cxd4 13. cxd4 Re8 14. d5 Ne7 15. Qd3 Nd7 16. Be3 b6 17. b4 h6 18. g4 f5 19. gxf5 gxf5 20. exf5 Nf6 21. Nh4 Qd7 22. Be4 Rbc8 23. Kh2 Kh7 24. Rg1 Qa4 25. Rg6 Nxe4 26. f6 Nxg6 27. Qxe4 Qc2 28. Qxg6+ Qxg6 29. Nxg6 Bxf6 30. Rg1 Rg8 0-1

[Event "Late-Titled-Tuesday-Blitz-October-24-2023"]
[Site "Chess.com"]
[Date "2023.10.24"]
[Round "2"]
[White "filipluczak05"]
[Black "SpeedofLight0"]
[Result "0-1"]
[WhiteElo "2622"]
[BlackElo "2991"]
[TimeControl "180+1"]
[EndTime "14:17:02 PDT"]
[Termination "SpeedofLight0 won by resignation"]

1. d4 Nf6 2. Nc3 d5 3. Bf4 e6 4. e3 Bb4 5. Ne2 O-O 6. a3 Be7 7. Ng3 c5 8. dxc5 Bxc5 9. e4 Qb6 10. Qd2 Qxb2 11. Rb1 Qxa3 12. Bd3 Bb4 13. Rb3 Qa1+ 14. Ke2 Qa5 15. e5 Nc6 16. exf6 Nd4+ 17. Kf1 Nxb3 18. Bxh7+ Kxh7 19. Qd3+ g6 20. Nf5 Qa6 21. Nb5 exf5 22. Qe3 Qxb5+ 0-1

[Event "Late-Titled-Tuesday-Blitz-October-24-2023"]
[Site "Chess.com"]
[Date "2023.10.24"]
[Round "2"]
[White "Good_Knight_Kiss"]
[Black "IlanSchnaider"]
[Result "0-1"]
[WhiteElo "2375"]
[BlackElo "2770"]
[TimeControl "180+1"]
[EndTime "14:17:08 PDT"]
[Termination "IlanSchnaider won on time"]

1. e4 c5 2. Nf3 d6 3. d4 cxd4 4. Nxd4 Nf6 5. Nc3 a6 6. h3 Nc6 7. g4 g6 8. Bg2 Bg7 9. Be3 O-O 10. O-O Nxd4 11. Bxd4 e5 12. Be3 Be6 13. Qd2 Qc7 14. Rad1 Rfd8 15. g5 Nh5 16. Nd5 Bxd5 17. exd5 Qc4 18.
b3 Qh4 19. c4 Nf4 20. Bxf4 exf4 21. Rfe1 Qxg5 22. Re4 Be5 23. Rde1 f5 24. R4e2 Qf6 25. Qd3 b6 26. b4 Rac8 27. c5 bxc5 28. bxc5 Rxc5 29.
Qxa6 Qg5 30. Rxe5 f3 31. Re8+ Rxe8 32. Rxe8+ Kf7 33. Qb7+ Kxe8 34. Qb8+ Kf7 35. Qb7+ Kg8 36. Qb8+ Kg7 37. Qb7+ Kh6 0-1

[Event "Late-Titled-Tuesday-Blitz-October-24-2023"]
[Site "Chess.com"]
[Date "2023.10.24"]
[Round "2"]
[White "MikeSailer"]
[Black "ItalianMachine"]
[Result "0-1"]
[WhiteElo "2041"]
[BlackElo "2425"]
[TimeControl "180+1"]
[EndTime "14:17:09 PDT"]
[Termination "ItalianMachine won by resignation"]

1. d4 Nf6 2. Bg5 d5 3. Nd2 c5 4. e3 Nc6 5. c3 e6 6. Bd3 Bd6 7.
f4 cxd4 8. exd4 h6 9. Bxf6 Qxf6 10. g3 g5 11. Ne2 gxf4 12. O-O h5 13. Nxf4 Qh6 14. h4 Bd7 15. Bb5 O-O-O 16. Qf3 Rdg8 17. Kh2 Rg4 18. Bxc6 Bxc6 19. Rf2 Bxf4 20. gxf4 Rhg8 21. Qh3 Qf6 0-1

[Event "Late-Titled-Tuesday-Blitz-October-24-2023"]
[Site "Chess.com"]
[Date "2023.10.24"]
[Round "2"]
[White "gahryman"]
[Black "slorovel"]
[Result "1-0"]
[WhiteElo "2693"]
[BlackElo "2477"]
[TimeControl "180+1"]
[EndTime "14:17:10 PDT"]
[Termination "gahryman won on time"]

1. e4 e6 2. d4 d5 3. e5 Ne7 4.
Nf3 Nf5 5. Bd3 c5 6. O-O Nc6 7. dxc5 Bxc5 8. Nbd2 O-O 9. Nb3 Be7 10. c3 h6 11. Qe2 a5 12. a4 b6 13. Rd1 Nh4 14.
Nfd4 Nxd4 15. Nxd4 Qc7 16. Qg4 Qxe5 17. Nc6 Qf6 18.
Bxh6 Qxh6 19. Nxe7+ Kh8 20. g3 Nf5 21. Nxc8 Raxc8 22. Bxf5 exf5 23. Qxf5 1-0

[Event "Late-Titled-Tuesday-Blitz-October-24-2023"]
[Site "Chess.com"]
[Date "2023.10.24"]
[Round "2"]
[White "Dacean99"]
[Black "gunslinger222"]
[Result "1-0"]
[WhiteElo "2601"]
[BlackElo "2340"]
[TimeControl "180+1"]
[EndTime "14:17:11 PDT"]
[Termination "Dacean99 won by resignation"]

1. d4 Nf6 2. Bf4 e6 3. e3 c5 4. Nf3 cxd4 5. exd4 b6 6. Nc3 a6 7. Bd3 Bb7 8. O-O Be7 9. Re1 O-O 10. h3 Nc6 11. a3 Rc8 12. Bf1 Na5 13. Ne5 d6 14.
Nd3 Nc4 15. b3 Nxa3 16. Bd2 Nb5 17. Nxb5 axb5 18. Nb4 Qd7 19. Qe2 Ne4 20. Be3 Nc3 21. Qd3 Be4 22. Qd2 d5 23. Nd3 Bf6 24. Ne5 Bxe5 25.
dxe5 Qc7 26. Bd4 b4 27. Ba6 Ra8 28. Bd3 Bxd3 29. Qxd3 Qc6 30. Qe3 Nb5 31. Bxb6 Qxc2 32. Bc5 Ra6 33. Rxa6 1-0

[Event "Late-Titled-Tuesday-Blitz-October-24-2023"]
[Site "Chess.com"]
[Date "2023.10.24"]
[Round "2"]
[White "ural58"]
[Black "NotFischer"]
[Result "1-0"]
[WhiteElo "2496"]
[BlackElo "2233"]
[TimeControl "180+1"]
[EndTime "14:17:13 PDT"]
[Termination "ural58 won on time"]

1. e4 c5 2. b3 Nc6 3. Bb2 d5 4. exd5 Qxd5 5. Nc3 Qd8 6. Bb5 Bd7 7. Nf3 Nf6 8. Qe2 e6 9. Ne4 Be7 10. O-O-O Qb6 11.
Nxf6+ gxf6 12. d4 cxd4 13. Nxd4 Rc8 14. Nxc6 Bxc6 15. Bxc6+ Qxc6 16. Kb1 Rg8 17. g3 b5 18.
f4 a5 19. Rd2 a4 20. Rhd1 a3 21. Bd4 Rg6 22. Qh5 f5 23. Qxh7 Qe4 24. Be5 Bf8 25. Qh4 Be7 26. Qh8+ Bf8 27. Bd6 Qe3 28. Qxf8+ 1-0

[Event "Late-Titled-Tuesday-Blitz-October-24-2023"]
[Site "Chess.com"]
[Date "2023.10.24"]
[Round "2"]
[White "R2D2PTY"]
[Black "balachess2006"]
[Result "0-1"]
[WhiteElo "2293"]
[BlackElo "2560"]
[TimeControl "180+1"]
[EndTime "14:17:17 PDT"]
[Termination "balachess2006 won by resignation"]

1. e4 c5 2. Nc3 Nc6 3. Bb5 Nd4 4. Nf3 a6 5. Bd3 e6 6. O-O Nc6 7. Nd5 Bd6 8. Ne3 g5 9. c3 g4 10. Ne1 h5 11. f4 gxf3 12. Qxf3 Ne5 13. Qf2 Nh6 14.
Nc4 Nxc4 15. Bxc4 Bxh2+ 16. Kh1 Rh7 17. Be2 Ng4 18. Qf3 Qh4 19. Qh3 Nf2+ 20. Rxf2 Qxf2 21.
Kxh2 Qxe1 22. Bxh5 Qxe4 23. d4 b5 24. Bd2 Bb7 25.
Rg1 O-O-O 0-1

[Event "Late-Titled-Tuesday-Blitz-October-24-2023"]
[Site "Chess.com"]
[Date "2023.10.24"]
[Round "2"]
[White "Elsa167"]
[Black "Likvidator228"]
[Result "1-0"]
[WhiteElo "2899"]
[BlackElo "2590"]
[TimeControl "180+1"]
[EndTime "14:17:18 PDT"]
[Termination "Elsa167 won by resignation"]

1. d4 f5 2. Nc3 Nf6 3. Bg5 d5 4. Bxf6 exf6 5. e3 Be6 6. Bd3 Nc6 7. a3 Qd7 8. Nge2 g6 9. Qd2 O-O-O 10. b4 Bd6 11.
O-O h5 12. f4 g5 13. Na4 b6 14. Bb5 Kb7 15. Qd3 h4 16. Rab1 Be7 17. Rb3 Rhf8 18. Rc3 g4 19. Bxc6+ Qxc6 20. Rxc6 Kxc6 21. Qa6 Ra8 22. Rc1 Bc8 23. Qd3 b5 24. Nc5 a5 25.
Nc3 Rb8 26. bxa5 Bxc5 27. dxc5 Rd8 28. Qd4 1-0

[Event "Late-Titled-Tuesday-Blitz-October-24-2023"]
[Site "Chess.com"]
[Date "2023.10.24"]
[Round "2"]
[White "financieru"]
[Black "Aygehovit1992"]
[Result "1-0"]
[WhiteElo "2380"]
[BlackElo "2650"]
[TimeControl "180+1"]
[EndTime "14:17:19 PDT"]
[Termination "financieru won by resignation"]

1. d4 Nf6 2. c4 e6 3. Nc3 Bb4 4. f3 c5 5. d5 d6 6. e4 b5 7. Bd3 bxc4 8. Bxc4 O-O 9. Ne2 exd5 10. Bxd5 Nxd5 11.
Qxd5 Qb6 12. Be3 Ba6 13. Rd1 Nc6 14. Kf2 Rad8 15. a3 Ba5 16. b4 Bxb4 17. axb4 Nxb4 18. Qd2 Nd3+ 19. Kg3 d5 20. Nxd5 Qg6+ 21. Bg5 Rfe8 22. Nc1 Nxc1 23. Ne7+ 1-0

[Event "Late-Titled-Tuesday-Blitz-October-24-2023"]
[Site "Chess.com"]
[Date "2023.10.24"]
[Round "2"]
[White "yosephtaher"]
[Black "ChuckPhil"]
[Result "1-0"]
[WhiteElo "2748"]
[BlackElo "2526"]
[TimeControl "180+1"]
[EndTime "14:17:23 PDT"]
[Termination "yosephtaher won by resignation"]

1. d4 Nf6 2. Nc3 d5 3. Bf4 c5 4. e4 Nxe4 5. Nxe4 dxe4 6. dxc5 Qa5+ 7. c3 Qxc5 8. Qa4+ Nc6 9. Qxe4 g6 10. Nf3 Bg7 11.
Qc4 Qxc4 12. Bxc4 O-O 13. O-O e5 14. Be3 Bg4 15. h3 Bf5 16. Rfd1 h6 17. Nh4 Rfd8 18.
Bd5 Bd7 19. Nxg6 Bf6 20. f4 Kg7 21. Nxe5 Nxe5 22. fxe5 Bxe5 23. Rd2 Bf5 24. Rf1 Bg6 25. Rfd1 Rd7 26. Bf3 Re7 27. Bc5 Rc7 28. Bd4 Re8 29. Bxe5+ Rxe5 30. Rd7 Re7 31. Rxe7 Rxe7 32. Kf2 Kf6 33. Rd8 b5 34. Rd6+ Kg7 35. Rd5 a6 36. Rd6 Ra7 37. Rb6 Bf5 38. Bb7 Be6 39. a3 a5 40. Rxb5 Bc4 41. Rb6 f5 42. Bf3 Rd7 43. Rb7 1-0

[Event "Late-Titled-Tuesday-Blitz-October-24-2023"]
[Site "Chess.com"]
[Date "2023.10.24"]
[Round "2"]
[White "Chessdreamer2020"]
[Black "expii"]
[Result "1-0"]
[WhiteElo "2496"]
[BlackElo "2238"]
[TimeControl "180+1"]
[EndTime "14:17:25 PDT"]
[Termination "Chessdreamer2020 won by resignation"]

1. e4 c5 2. Nf3 d6 3. Bb5+ Bd7 4.
c4 Bxb5 5. cxb5 Nf6 6. Nc3 Nbd7 7.
O-O g6 8. d4 cxd4 9. Nxd4 Bg7 10. f3 O-O 11. Be3 Rc8 12. Qd2 Ne5 13. b3 b6 14. a4 Qc7 15. Rfc1 Qb7 16. h3 Ned7 17.
Nc6 Nc5 18. Rcb1 Rxc6 19. bxc6 Qxc6 20. b4 Ne6 21. Nd5 Qb7 22. Ra2 Nxd5 23. exd5 Nc7 24. Rd1 a6 25. Rc2 b5 26. a5 Ne8 27. Bb6 Nf6 28.
Rc7 Qa8 29. Rxe7 Rc8 30. Rc7 Rxc7 31. Bxc7 Qa7+ 32. Bb6 Qb7 33. Qg5 Nd7 34. Qd8+ Bf8 35. Qc7 Qxc7 36. Bxc7 Ne5 37. Rc1 Nc4 38. Kf2 Be7 39.
Rxc4 bxc4 40. Ke3 Bf6 41. b5 axb5 42. a6 1-0

[Event "Late-Titled-Tuesday-Blitz-October-24-2023"]
[Site "Chess.com"]
[Date "2023.10.24"]
[Round "2"]
[White "UK_23"]
[Black "DonJuanEGenaro"]
[Result "1-0"]
[WhiteElo "2398"]
[BlackElo "1839"]
[TimeControl "180+1"]
[EndTime "14:17:28 PDT"]
[Termination "UK_23 won by resignation"]

1. e4 c5 2. c3 e5 3. Nf3 Nc6 4.
d4 cxd4 5. cxd4 exd4 6. Nxd4 Nf6 7. Nc3 Bb4 8. Nxc6 bxc6 9. e5 Ne4 10. Qd4 Qa5 11.
a3 Bxc3+ 12. bxc3 Qxc3+ 13. Qxc3 Nxc3 14. Bb2 Nd5 15. Bc4 Nb6 16. Ba2 Ba6 17. f4 O-O 18.
Kf2 Rfe8 19. Rhd1 d5 20. Bd4 f6 21. Rac1 fxe5 22. fxe5 Nc4 23. Bxc4 Bxc4 24. Rb1 Rab8 25. Rxb8 Rxb8 26. Bxa7 Rb2+ 27. Kg1 Kf7 28. Bc5 Ke6 29. Bd6 g5 30. h3 h5 31. Kh2 d4 32. Rxd4 Bd5 33.
Kg1 Rxg2+ 34. Kf1 g4 35. hxg4 h4 36. Rxd5 h3 37. Rd3 Rxg4 38. Rxh3 Kd5 39. Re3 Ke6 40. Ke2 Rg2+ 41. Kd3 Rb2 42. Kc4 Ra2 43. Kb3 Ra1 44. a4 Rb1+ 45. Kc4 1-0

[Event "Late-Titled-Tuesday-Blitz-October-24-2023"]
[Site "Chess.com"]
[Date "2023.10.24"]
[Round "2"]
[White "GP9isback23"]
[Black "Mykola-Bortnyk"]
[Result "0-1"]
[WhiteElo "2613"]
[BlackElo "2961"]
[TimeControl "180+1"]
[EndTime "14:17:30 PDT"]
[Termination "Mykola-Bortnyk won by resignation"]

1. d4 Nf6 2. Nf3 e6 3. e3 c5 4. Be2 b6 5. O-O Bb7 6. c4 cxd4 7. Nxd4 Be7 8. b3 O-O 9. Bb2 d5 10. Nc3 dxc4 11. Bxc4 Nc6 12. Nxc6 Bxc6 13. Qxd8 Rfxd8 14. Rfd1 Nd7 15. f3 Bc5 16. Kf2 Ne5 17. Be2 f6 18. Nb5 Kf7 19. Nd4 Bb7 20. Rac1 a5 21. a3 Rac8 22. h3 h5 23. Nc2 Rxd1 24. Rxd1 Bd5 25.
Bxe5 fxe5 26. Bc4 Be7 27. Rxd5 exd5 28. Bxd5+ Kf6 29. Bc4 b5 30. Bd3 Rc3 31. Ke2 Rxb3 32. Kd2 Bxa3 33. Nxa3 Rxa3 34. Bxb5 Ra2+ 0-1

[Event "Late-Titled-Tuesday-Blitz-October-24-2023"]
[Site "Chess.com"]
[Date "2023.10.24"]
[Round "2"]
[White "Dedic8"]
[Black "Atanejhad"]
[Result "1-0"]
[WhiteElo "2858"]
[BlackElo "2381"]
[TimeControl "180+1"]
[EndTime "14:17:30 PDT"]
[Termination "Dedic8 won by resignation"]

1. d4 Nf6 2. c4 g6 3. Nc3 Bg7 4. e4 d6 5. h3 O-O 6. Be3 e5 7.
d5 c6 8. Nf3 cxd5 9. cxd5 a6 10. a4 Nbd7 11. Be2 Nh5 12. g3 f5 13. exf5 gxf5 14.
Ng5 f4 15. Ne6 fxe3 16. Nxd8 exf2+ 17. Kd2 Bh6+ 18. Kc2 Nxg3 19. Ne6 Nc5 20. Bc4 Rf4 21. Nxf4 Bxf4 22. b4 Bf5+ 23. Kb2 Nd7 24. Ne2 Rc8 25. Nxg3 Bxg3 26. Qf3 Bf4 27. Bd3 Bxd3 28. Qxd3 Nb6 29. Qf5 Rc4 30. Rhg1+ 1-0

[Event "Late-Titled-Tuesday-Blitz-October-24-2023"]
[Site "Chess.com"]
[Date "2023.10.24"]
[Round "2"]
[White "hellokostya"]
[Black "Beca95"]
[Result "0-1"]
[WhiteElo "2605"]
[BlackElo "2929"]
[TimeControl "180+1"]
[EndTime "14:17:31 PDT"]
[Termination "Beca95 won on time"]

1. d4 Nf6 2. c4 c5 3. d5 e6 4.
Nc3 exd5 5. cxd5 d6 6. e4 g6 7. Nge2 Bg7 8. Ng3 a6 9. a4 Qe7 10. Be2 h5 11. Bg5 Qe5 12. f4 Qd4 13. Qc2 h4 14.
Nf1 Ng4 15. Bxg4 Bxg4 16. h3 Bc8 17. Rd1 Qb4 18. f5 Nd7 19. Ne3 Ne5 20. O-O Bd7 21. fxg6 fxg6 22. Bf6 Bxf6 23. Rxf6 Ke7 24. Rdf1 Rae8 25.
Kh1 c4 26. Qf2 Kd8 27. Nc2 Qxb2 28. Rxd6 Qxc3 29. Qb6+ Kc8 30. Rb1 Qxc2 31. Qxb7+ Kd8 32. Qb6+ Ke7 33. Rf6 Qxb1+ 34. Qxb1 Kxf6 35. Qb6+ Kg7 36.
Qd4 Rhf8 37. Kh2 Rf4 38. d6 g5 39. Qc5 Kg6 40. Qc7 Rf2 41. Kg1 Rd2 42. Qc5 Bxh3 43. gxh3 Rb8 0-1

[Event "Late-Titled-Tuesday-Blitz-October-24-2023"]
[Site "Chess.com"]
[Date "2023.10.24"]
[Round "2"]
[White "ArtemDyachuk"]
[Black "C_K_G"]
[Result "1-0"]
[WhiteElo "2642"]
[BlackElo "1928"]
[TimeControl "180+1"]
[EndTime "14:17:31 PDT"]
[Termination "ArtemDyachuk won by resignation"]

1. e4 c5 2. Nf3 d6 3. d4 cxd4 4. Nxd4 Nf6 5. Nc3 a6 6. h4 e5 7. Nb3 Be6 8. f4 exf4 9. Bxf4 Nbd7 10. Qd2 Ne5 11. O-O-O Be7 12. Nd4 Rc8 13. Kb1 O-O 14.
Nf5 Rxc3 15. Qxc3 Nxe4 16. Nxe7+ Qxe7 17. Qe1 f5 18. Bxe5 dxe5 19. Bd3 Nc5 20. Qxe5 Bxa2+ 21. Kxa2 Qxe5 22. Rhe1 Qd5+ 23. Kb1 Nxd3 24. Rxd3 Qxg2 25.
Re5 h6 26. h5 Rc8 27. c3 Qf1+ 28. Kc2 Qf2+ 29. Rd2 Qf3 30. Rdd5 Rf8 31. Rd7 Qg2+ 32. Kb3 f4 33. Rd1 f3 34. Ree1 f2 35. Rf1 Qd5+ 36. Rxd5 1-0

[Event "Late-Titled-Tuesday-Blitz-October-24-2023"]
[Site "Chess.com"]
[Date "2023.10.24"]
[Round "2"]
[White "SmirnovTimofey2000"]
[Black "TigrVShlyape"]
[Result "0-1"]
[WhiteElo "2375"]
[BlackElo "2831"]
[TimeControl "180+1"]
[EndTime "14:17:33 PDT"]
[Termination "TigrVShlyape won on time"]

1. d4 f5 2. h3 d5 3. Nf3 Nf6 4. Bf4 e6 5. e3 c5 6. c3 Nc6 7. Nbd2 Bd6 8. Ne5 O-O 9. Nxc6 bxc6 10. Bxd6 Qxd6 11. dxc5 Qxc5 12. Nb3 Qd6 13. Be2 a5 14. O-O e5 15. Qc2 a4 16. Nd2 c5 17. Rfd1 e4 18. Nc4 Qc7 19. Na3 f4 20. Nb5 Qe5 21. exf4 Qxf4 22. Qd2 Qb8 23. Na3 Kh8 24. Qe3 Qxb2 25. Qxc5 Bxh3 26. gxh3 Qxe2 27. Rxd5 Nxd5 28. Qxd5 Qxf2+ 29. Kh1 Qf3+ 30. Kg1 Qxc3 31. Nb5 Qxa1+ 0-1

[Event "Late-Titled-Tuesday-Blitz-October-24-2023"]
[Site "Chess.com"]
[Date "2023.10.24"]
[Round "2"]
[White "JustusJBargsten"]
[Black "topin8"]
[Result "0-1"]
[WhiteElo "2091"]
[BlackElo "2454"]
[TimeControl "180+1"]
[EndTime "14:17:33 PDT"]
[Termination "topin8 won by resignation"]

1. d4 Nf6 2. Nc3 c5 3. d5 d6 4. e4 g6 5. Bb5+ Nfd7 6. h4 h5 7. a4 Bg7 8. Nge2 a6 9. Bd3 Ne5 10.
Bg5 c4 11. f4 cxd3 12. cxd3 Ng4 13. f5 Nd7 14. fxg6 fxg6 15. Nf4 Qb6 16. Qe2 O-O 17.
a5 Qb4 18. Nxg6 Bxc3+ 19. Kd1 Rf2 20. Nxe7+ Kh7 21. Rf1 Qb3+ 22. Kc1 Bxb2+ 23. Kb1 Ba3+ 0-1

[Event "Late-Titled-Tuesday-Blitz-October-24-2023"]
[Site "Chess.com"]
[Date "2023.10.24"]
[Round "2"]
[White "whitemirrorninja"]
[Black "Blitzstream"]
[Result "0-1"]
[WhiteElo "2562"]
[BlackElo "2818"]
[TimeControl "180+1"]
[EndTime "14:17:35 PDT"]
[Termination "Blitzstream won by resignation"]

1. d4 d5 2. Nc3 Nf6 3. Bf4 a6 4. e3 Bf5 5. Bd3 Bg6 6. Nf3 e6 7. Ne5 Nbd7 8. O-O Nxe5 9. Bxe5 Bd6 10. f4 O-O 11. Qf3 Bxd3 12. cxd3 Nd7 13. Bxd6 cxd6 14.
f5 Qe7 15. Rae1 Nf6 16. e4 dxe4 17. dxe4 e5 18. d5 Rac8 19. g4 Nd7 20. Qg3 f6 21. h4 Rc4 22. Rf2 Rfc8 23. g5 b5 24.
a3 b4 25. axb4 Rxb4 26. Kh1 Rcb8 27. Nd1 Nc5 28. Qf3 fxg5 29. hxg5 Qxg5 30. f6 Qh4+ 31. Kg1 Nxe4 32. fxg7 Nxf2 33. Nxf2 Rf4 34. Qg2 Rxb2 35. Rc1 Qxf2+ 36. Qxf2 Rbxf2 0-1

[Event "Late-Titled-Tuesday-Blitz-October-24-2023"]
[Site "Chess.com"]
[Date "2023.10.24"]
[Round "2"]
[White "mjelcic"]
[Black "artin10862"]
[Result "0-1"]
[WhiteElo "2152"]
[BlackElo "2845"]
[TimeControl "180+1"]
[EndTime "14:17:35 PDT"]
[Termination "artin10862 won by checkmate"]

1. c4 Nf6 2. Nc3 g6 3. g3 Bg7 4. Bg2 c6 5. e4 e5 6. Nge2 O-O 7. O-O a6 8. d4 d6 9. h3 b5 10. b3 Be6 11. d5 cxd5 12. Nxd5 Bxd5 13. cxd5 Nbd7 14.
Be3 h5 15. Rc1 Kh7 16. Rc6 Nb8 17. Bb6 Qe8 18. Rc7 Nbd7 19. Be3 Bh6 20. Qd2 Bxe3 21. Qxe3 Rc8 22. Rfc1 Rxc7 23. Rxc7 Qb8 24. Rc6 Rc8 25. Qc3 Nb6 26. h4 Rxc6 27. Qxc6 b4 28. Nc1 a5 29. Nd3 Kg7 30. Nb2 Nbd7 31. Nc4 Nc5 32.
Qxd6 Qa7 33. Qxe5 Nd3 34. Qa1 Qxf2+ 35. Kh1 Qxg3 36. e5 Nf2+ 37. Kg1 Nh3+ 38. Kh1 Ng4 39. e6+ Kh7 40. Qe5 Ngf2# 0-1

[Event "Late-Titled-Tuesday-Blitz-October-24-2023"]
[Site "Chess.com"]
[Date "2023.10.24"]
[Round "2"]
[White "ljm509"]
[Black "Lady_Nika"]
[Result "0-1"]
[WhiteElo "2299"]
[BlackElo "2518"]
[TimeControl "180+1"]
[EndTime "14:17:38 PDT"]
[Termination "Lady_Nika won by checkmate"]

1. e4 c5 2. Nf3 e6 3. c3 a6 4. d4 cxd4 5. cxd4 d5 6. Nc3 Nf6 7. e5 Nfd7 8. Bd3 Nc6 9. O-O Be7 10. a3 b5 11. Bf4 Qb6 12. Be3 Bb7 13. Rc1 h6 14.
Qd2 O-O-O 15. Ne1 Kb8 16. f4 g5 17. fxg5 Bxg5 18. Bxg5 hxg5 19. Rxf7 Qxd4+ 20. Kh1 Ncxe5 21.
Qf2 Qxf2 22. Rxf2 Ng4 23. Re2 Rxh2+ 24. Kg1 Rdh8 25. g3 Rh1+ 26. Kg2 R8h2+ 27. Kf3 Nde5+ 28.
Rxe5 Nxe5+ 29. Ke3 Ng4+ 30. Kf3 Nf6 31. b4 d4+ 32.
Ne4 Nxe4 33. Bxe4 Rf1+ 34. Kg4 Bxe4 35. Kxg5 Rf5+ 36. Kg4 Rf7 37. Rd1 d3 38. Nxd3 Bf3+ 39. Kg5 Bxd1 40. Kg6 Rd7 41. Ne5 Rc7 42. Kf6 Bc2 43.
Kxe6 Rh6+ 44. Kd5 Bb3+ 45. Kd4 Rd6+ 46. Ke4 Re7 47. Kf5 Rxe5+ 48. Kxe5 Rg6 49. Kf4 Be6 50. g4 Rxg4+ 51. Ke5 Rg3 52. Kxe6 Rxa3 53. Kd5 Rb3 54. Kc5 Kb7 55. Kd4 Rxb4+ 56. Kc5 Rc4+ 57. Kd5 a5 58. Ke5 a4 59. Kf5 a3 60. Ke5 a2 61. Kf5 a1=Q 62.
Ke6 Qe1+ 63. Kf5 Qf2+ 64. Kg6 Rg4+ 65. Kh5 Qh4# 0-1

[Event "Late-Titled-Tuesday-Blitz-October-24-2023"]
[Site "Chess.com"]
[Date "2023.10.24"]
[Round "2"]
[White "Championnn-9"]
[Black "talaicito"]
[Result "1-0"]
[WhiteElo "2504"]
[BlackElo "2254"]
[TimeControl "180+1"]
[EndTime "14:17:38 PDT"]
[Termination "Championnn-9 won on time"]

1. d4 e6 2. c4 f5 3. Nf3 Nf6 4. Bg5 h6 5. Bf4 g5 6. Bd2 Bg7 7. e3 b6 8. Bd3 Bb7 9. d5 O-O 10.
Nc3 Na6 11. Na4 Ne4 12. Nd4 exd5 13. f3 Nxd2 14. Qxd2 Bxd4 15. exd4 Re8+ 16. Kf2 Qf6 17. Qc3 c5 18. dxc5 Qxc3 19. Nxc3 Nxc5 20. Bxf5 dxc4 21.
Rad1 Re7 22. Rd4 Rf8 23. Bb1 d5 24. Nxd5 Bxd5 25. Rxd5 Rfe8 26. Kg3 Re2 27. b4 cxb3 28. axb3 Nxb3 29. Bd3 R2e5 30. Bc4 1-0